 Dungeon Crawl Stone Soup version 0.22-a0-348-gd16d1391c7 (webtiles) character file.

147566 Laan the Severer (level 18, -12/146 HPs)
             Began as a Formicid Fighter on Apr 9, 2018.
             Was the Champion of the Shining One.
             Killed from afar by Jory (51 damage)
             ... with a crystal spear
             ... on level 2 of the Depths.
             The game lasted 00:48:22 (20848 turns).

Laan the Severer (Formicid Fighter)                Turns: 20848, Time: 00:48:23

Health: -12/146    AC: 21    Str: 32    XL:     18   Next: 9%
Magic:  35/35      EV: 20    Int:  9    God:    the Shining One [******]
Gold:   2647       SH: 17    Dex: 15    Spells: 17/17 levels left

rFire    + . .     SeeInvis +   a - +5 war axe (venom)
rCold    . . .     Gourm    .   D - +2 shield
rNeg     + + +     Faith    .   g - +6 chain mail of Reason {rElec MP+9 Str+4 SInv}
rPois    +         Spirit   .   (helmet unavailable)
rElec    +         Reflect  .   B - +1 cloak {rPois}
rCorr    .         Harm     .   (no gloves)
MR       +....                  (no boots)
Stlth    ..........             y - amulet of regeneration
HPRegen  0.74/turn              A - +6 ring of evasion
MPRegen  0.24/turn              E - ring of protection from fire

@: agile, glowing
A: permanent stasis, dig shafts and tunnels, four strong arms, antennae 3
a: Dig, Shaft Self, Divine Shield, Cleansing Flame, Summon Divine Warrior, Brand
Weapon With Holy Wrath, Renounce Religion


You were on level 2 of the Depths.
You worshipped the Shining One.
The Shining One was exalted by your worship.
You were not hungry.

You visited 5 branches of the dungeon, and saw 26 of its levels.
You also visited: Sewer.

You collected 2845 gold pieces.
You spent 198 gold pieces at shops.

Inventory:

Hand Weapons
 a - a +5 war axe of venom (weapon)
 b - a +2 hand axe of flaming
 s - a +0 battleaxe of freezing
Armour
 g - the +6 chain mail of Reason (worn) {rElec MP+9 Str+4 SInv}
   (You found it on level 7 of the Dungeon)

   It affects your strength (+4).
   It insulates you from electricity.
   It affects your magic capacity (+9).
   It lets you see invisible.
 B - a +1 cloak of poison resistance (worn)
 D - a +2 shield (worn)
 F - a scarf of spirit shield
Jewellery
 n - an uncursed amulet of the acrobat {unknown}
 r - a +2 ring of strength
 t - an uncursed ring of resist corrosion
 x - a +5 ring of protection
 y - an amulet of regeneration (around neck)
 A - a +6 ring of evasion (left hand)
 E - a ring of protection from fire (right hand)
 H - an uncursed ring of stealth {unknown}
 J - an uncursed amulet of faith {unknown}
Wands
 h - a wand of flame (78)
 z - a wand of polymorph (33)
 C - a wand of iceblast (7)
 O - a wand of paralysis (16)
Scrolls
 e - 5 scrolls of identify
 l - 5 scrolls of fear
 m - 4 scrolls of amnesia
 o - 5 scrolls of enchant armour
 p - 4 scrolls of magic mapping
 q - 13 scrolls of remove curse
 u - 5 scrolls of enchant weapon
 w - 2 scrolls of immolation
 I - a scroll of silence {unknown}
Potions
 d - 3 potions of lignification
 i - 4 potions of agility
 j - 6 potions of curing
 v - 7 potions of brilliance
 G - a potion of cancellation
 K - 3 potions of magic
 N - 3 potions of flight
Comestibles
 c - 15 chunks of flesh
 f - 52 rations


   Skills:
 + Level 14.2 Fighting
 * Level 18.6 Axes
 + Level 14.1 Armour
 + Level 15.2 Shields
 + Level 11.4 Invocations


You had 17 spell levels left.
You didn't know any spells.

Dungeon Overview and Level Annotations

Branches:
Dungeon (15/15)            Temple (1/1) D:6            Lair (6/6) D:10
  Swamp (0/4) Lair:3       Spider (0/4) Lair:2        Slime (0/5) Lair:5
    Orc (2/2) D:10            Elf (0/3) Orc:2        Vaults (0/5) D:14
 Depths (2/5) D:15

Altars:
Ashenzari
Cheibriados
Dithmenos
Elyvilon
Fedhas
Gozag
Kikubaaqudgha
Makhleb
Nemelex Xobeh
Okawaru
Qazlal
Ru
Sif Muna
Trog
Vehumet
Wu Jian
Xom
Yredelemnul
Zin
The Shining One
Jiyva

Shops:
D:4 %   D:5 }   D:7 *   D:12 }   Depths:1 [%*

Portals:
Hell: Lair:6 Depths:1
Trove: D:11 (lose all piety)

Annotations:
Lair:1 exclusion: oklob plant
Orc:2 2 runed doors, exclusion: orange crystal statue
Depths:2 Jory


Innate Abilities, Weirdness & Mutations

You cannot be hasted, slowed, berserked, paralysed or teleported.
You can dig through walls and to a lower floor.
Your four strong arms can wield two-handed weapons with a shield.
You have a pair of large antennae on your head. (SInv)


Message History

Jory is almost destroyed.
You hit Jory but do no damage.
Jory is almost destroyed.
Jory drinks a potion.
Jory is healed!
You slash Jory!
Jory is almost destroyed.
You slash Jory!
Jory is almost destroyed.
Jory hits you with a glaive of flaming!
* * * LOW HITPOINT WARNING * * *
Jory burns you.
* * * LOW HITPOINT WARNING * * *
Jory bites you but does no damage.
You hit Jory but do no damage.
Jory is almost destroyed.
You hit Jory but do no damage.
Jory is almost destroyed.
Jory points at you and mumbles some strange words.
The crystal spear hits you!
You die...

{ { ##.≈≈.## .#
...≈≈..##.. #.≈≈...'# {
#.≈≈≈...## {
######..≈{≈...#######
#....#...≈≈≈≈≈≈≈≈≈≈≈≈
####..[@#.#..≈≈≈≈≈≈≈≈≈≈≈
.......[.VZ.........)....
##......†########..######
#.......# ####.###
#.[.....# #..))).#
#....#### #......# #####
#......# #......#
#######......##


You could see Jory and a frost giant zombie.

Vanquished Creatures
  Gastronok (Lair:1)
  Kirke (D:12)
  A fire giant (Depths:2)
  An orc warlord (Orc:1)
  A balrug (Depths:1)
  A ghost moth (D:9)
  4 stone giants (Depths:1)
  Nessos (Orc:2)
  A vampire knight (Depths:2)
  A dire elephant (D:15)
  3 spark wasps (Depths:1)
  2 ettins
  5 jiangshi
  3 fire dragons
  3 vault guards
  A yaktaur captain (Depths:1)
  3 rakshasas (Depths:1)
  Harold (D:10)
  5 hydras
  An ice dragon (Depths:2)
  The ghost of Stone the Carver, a journeyman DsGl of Okawaru (D:12)
  A hell beast (Lair:6)
  5 centaur warriors
  17 two-headed ogres
  A dancing weapon (Orc:1)
  3 tengu warriors (D:15)
  6 death yaks (Lair:6)
  2 deep troll earth magi
  3 ogre magi
  A deep troll shaman (Depths:1)
  Urug (Lair:3)
  3 vampire magi
  An orc high priest (Orc:2)
  2 sun demons (Depths:1)
  Nergalle (Lair:1)
  4 skeletal warriors (D:14)
  A spark wasp zombie (Depths:2)
  6 deep trolls
  A glowing orange brain (Depths:2)
  An unseen horror (D:12)
  6 wizards
  6 phantasmal warriors (Depths:2)
  2 frost giant zombies (Depths:2)
  3 deep elf magi
  2 necromancers
  2 orc knights (Orc:1)
  18 ugly things
  A salamander (D:15)
  4 cyclopes
  A stone giant zombie (Depths:2)
  5 black mambas (Lair:6)
  A gargoyle (D:11)
  An orange demon (Lair:6)
  A smoke demon (Lair:6)
  6 torpor snails (Lair:6)
  A guardian serpent (shapeshifter) (Depths:1)
  6 spiny frogs
  10 yaktaurs
  2 efreet
  8 rime drakes
  A demonic crawler (Lair:2)
  A tengu conjurer (D:15)
  9 komodo dragons
  2 red devils (Lair:6)
  4 ice devils
  7 trolls
  3 meliai (D:12)
  5 polar bears
  A queen bee (D:12)
  2 raiju (Depths:2)
  Grinder (D:4)
  7 hippogriffs
  2 dream sheep (D:9)
  A dream sheep (shapeshifter) (D:14)
  10 blink frogs
  14 slime creatures
  3 hogs (D:12)
  4 water elementals (Depths:1)
  6 wyverns
  18 humans (D:14)
  4 fire bats (Lair:5)
  55 yaks
  A yak (shapeshifter) (Depths:1)
  Grum (Lair:1)
  A hungry ghost (D:7)
  A golden eye (shapeshifter) (D:15)
  5 basilisks
  8 vampire mosquitoes
  An acid dragon (D:12)
  A soldier ant (shapeshifter) (Depths:2)
  7 hell hounds
  10 water moccasins
  8 porcupines
  A sky beast (D:7)
  16 orc warriors
  A boggart (Depths:1)
  2 necrophages
  3 black bears
  2 ice beasts
  15 ogres
  A spriggan simulacrum (Depths:2)
  A phantom (D:10)
  12 wolves
  20 centaurs
  16 crocodiles
  6 big kobolds
  12 bullfrogs
  Blork the orc (Orc:1)
  2 gnoll sergeants
  A glowing shapeshifter simulacrum (Depths:2)
  6 scorpions
  21 killer bees (D:12)
  4 wights (D:11)
  2 spectral wolves (Depths:2)
  2 howler monkeys
  2 electric eels
  4 crimson imps
  A bullfrog zombie (D:7)
  A quasit (D:9)
  A lava snake (Lair:5)
  Crazy Yiuf (D:5)
  11 hounds
  13 orc priests
  3 centaur zombies
  A gnoll shaman (D:10)
  5 centaur skeletons
  4 jellies
  17 orc wizards
  A bullfrog skeleton (D:12)
  7 worker ants
  4 iguanas
  6 hell rats (Lair:5)
  2 killer bee zombies
  2 hound zombies
  Robin (D:2)
  15 gnolls
  12 adders
  2 shadow imps (D:10)
  5 oozes
  An adder zombie (D:5)
  2 adder skeletons
  5 worms
  5 dart slugs
  5 leopard geckos
  77 orcs
  A ball python (D:3)
  6 giant cockroaches
  16 goblins
  19 hobgoblins
  9 jackals
  23 kobolds
  2 quokkas
  A ball python skeleton (D:4)
  4 bats
  5 frilled lizards
  2 jackal skeletons
  A quokka skeleton (D:7)
  11 rats
  6 fungi
  3 plants
863 creatures vanquished.

Vanquished Creatures (others)
  A fire dragon (Depths:1)
  A deep troll (Depths:1)
  A fire vortex (Lair:5)
  8 fungi
  9 plants
20 creatures vanquished.

Grand Total: 883 creatures vanquished

Notes
Turn   | Place    | Note
-------+----------+-------------------------------------------
     0 | D:1      | Laan the Formicid Fighter began the quest for the Orb.
     0 | D:1      | Reached XP level 1. HP: 18/18 MP: 1/1
   113 | D:1      | Reached XP level 2. HP: 18/24 MP: 2/2
   226 | D:1      | Reached skill level 3 in Axes
   315 | D:1      | Reached XP level 3. HP: 26/29 MP: 3/3
   792 | D:2      | Noticed Robin
   801 | D:2      | Killed Robin
   801 | D:2      | Reached skill level 4 in Axes
   801 | D:2      | Reached XP level 4. HP: 12/35 MP: 4/4
  1288 | D:2      | Reached XP level 5. HP: 41/41 MP: 5/5
  1301 | D:2      | You fall through a shaft!
  1301 | D:3      | Found a stormy altar of Qazlal.
  1376 | D:3      | Reached skill level 5 in Axes
  2204 | D:4      | Noticed Grinder
  2218 | D:4      | Killed Grinder
  2218 | D:4      | Reached skill level 6 in Axes
  2218 | D:4      | Reached XP level 6. HP: 47/47 MP: 6/6
  2239 | D:4      | Reached skill level 7 in Axes
  2239 | D:4      | Reached XP level 7. HP: 31/52 MP: 7/7
  2242 | D:4      | Found Xiboferiow's Food Boutique.
  2659 | D:4      | Found a glowing drain.
  2663 | Sewer    | Entered a sewer
  2992 | D:5      | Entered Level 5 of the Dungeon
  3141 | D:5      | Reached skill level 8 in Axes
  3321 | D:5      | Reached XP level 8. HP: 57/60 MP: 8/8
  3371 | D:5      | Found a runed door.
  3375 | D:5      | Noticed Crazy Yiuf
  3385 | D:5      | Killed Crazy Yiuf
  3432 | D:5      | Found Ucsauzyn's Gadget Boutique.
  3862 | D:5      | Reached skill level 5 in Shields
  3871 | D:5      | Reached skill level 9 in Axes
  3890 | D:6      | Reached XP level 9. HP: 67/67 MP: 9/9
  3946 | D:6      | Reached skill level 5 in Fighting
  3946 | D:6      | Reached skill level 5 in Armour
  4096 | D:6      | Found a staircase to the Ecumenical Temple.
  4105 | Temple   | Entered the Ecumenical Temple
  4194 | Temple   | Became a worshipper of the Shining One
  4404 | D:7      | Found Xubudech's General Store.
  4437 | D:7      | Got a shimmering chain mail
  4438 | D:7      | Identified the +6 chain mail of Reason {rElec MP+9 Str+4 SInv} (You found it on level 7 of the Dungeon)
  4880 | D:8      | Reached * piety under the Shining One
  4932 | D:8      | Noticed a hippogriff
  4933 | D:8      | Noticed a two-headed ogre
  4951 | D:8      | Killed a hippogriff
  4951 | D:8      | Reached skill level 10 in Axes
  4957 | D:8      | Killed a two-headed ogre
  4957 | D:8      | Reached XP level 10. HP: 61/77 MP: 10/10
  5187 | D:8      | Found a sacrificial altar of Ru.
  5360 | D:8      | Reached skill level 11 in Axes
  6086 | D:9      | Reached ** piety under the Shining One
  6240 | D:9      | Reached XP level 11. HP: 76/84 MP: 11/11
  6262 | D:9      | Noticed a three-headed hydra
  6278 | D:9      | Noticed an emperor scorpion
  6278 | D:9      | a three-headed hydra changed into an emperor scorpion
  6483 | D:9      | Found a glowing silver altar of Zin.
  6593 | D:9      | Noticed a ghost moth
  6593 | D:9      | an emperor scorpion changed into a ghost moth
  6615 | D:9      | Killed a ghost moth
  6615 | D:9      | Reached skill level 12 in Axes
  6928 | D:10     | Entered Level 10 of the Dungeon
  7103 | D:10     | Found a staircase to the Lair.
  7136 | D:10     | Noticed a two-headed ogre
  7144 | D:10     | Killed a two-headed ogre
  7163 | D:10     | Found a staircase to the Orcish Mines.
  7404 | D:10     | Noticed Harold
  7415 | D:10     | Killed Harold
  7458 | D:10     | Reached *** piety under the Shining One
  7889 | Lair:1   | Entered Level 1 of the Lair of Beasts
  7892 | Lair:1   | Noticed Nergalle
  7897 | Lair:1   | Noticed Grum
  7908 | Lair:1   | Reached XP level 12. HP: 72/94 MP: 12/12
  7910 | Lair:1   | Killed Nergalle
  7914 | Lair:1   | Killed Grum
  7964 | Lair:1   | Reached skill level 13 in Axes
  8049 | Lair:1   | Noticed a five-headed hydra
  8057 | Lair:1   | Killed a one-headed hydra
  8057 | Lair:1   | Reached skill level 10 in Shields
  8368 | Lair:1   | Noticed Gastronok
  8382 | Lair:1   | Killed Gastronok
  8387 | Lair:1   | Noticed a five-headed hydra
  8394 | Lair:1   | Killed a one-headed hydra
  8733 | Lair:2   | Found a hole to the Spider Nest.
  8896 | Lair:2   | Reached skill level 10 in Fighting
  8896 | Lair:2   | Reached skill level 10 in Armour
  8898 | Lair:2   | Reached XP level 13. HP: 96/103 MP: 13/13
  8908 | Lair:2   | Reached skill level 14 in Axes
  9486 | Lair:3   | Found a staircase to the Swamp.
  9487 | Lair:3   | Reached **** piety under the Shining One
  9541 | Lair:3   | Noticed Urug
  9547 | Lair:3   | Killed Urug
 10172 | Lair:4   | Reached skill level 1 in Invocations
 10986 | Lair:5   | Found a runed door.
 10986 | Lair:5   | Found a viscous altar of Jiyva.
 10986 | Lair:5   | Found a staircase to the Slime Pits.
 11576 | Lair:6   | Entered Level 6 of the Lair of Beasts
 11626 | Lair:6   | Reached XP level 14. HP: 67/113 MP: 16/16
 11720 | Lair:6   | Reached skill level 15 in Axes
 12013 | Lair:6   | Reached skill level 5 in Invocations
 12015 | Lair:6   | Reached ***** piety under the Shining One
 12236 | Lair:6   | Found a snail-covered altar of Cheibriados.
 12556 | Lair:6   | Found a burning altar of Makhleb.
 12696 | Lair:6   | Found a gateway to Hell.
 13523 | D:11     | Found a portal to a secret trove of treasure.
 13891 | D:12     | Reached XP level 15. HP: 120/120 MP: 19/19
 14138 | D:12     | Reached skill level 16 in Axes
 14207 | D:12     | Noticed Stone's ghost (journeyman DsGl)
 14228 | D:12     | Killed Stone's ghost
 14244 | D:12     | Noticed Kirke
 14255 | D:12     | Killed Kirke
 14423 | D:12     | Found Dieduomi's Gadget Boutique.
 14713 | D:13     | Reached ****** piety under the Shining One
 15711 | D:14     | Found a deep blue altar of Sif Muna.
 16068 | D:14     | Found a gate to the Vaults.
 16367 | D:15     | Entered Level 15 of the Dungeon
 16441 | D:15     | Reached XP level 16. HP: 129/129 MP: 22/22
 16636 | D:15     | Reached skill level 17 in Axes
 16912 | D:15     | Found a staircase to the Depths.
 17134 | Orc:1    | Entered Level 1 of the Orcish Mines
 17267 | Orc:2    | Entered Level 2 of the Orcish Mines
 17267 | Orc:2    | Found a runed door.
 17267 | Orc:2    | Noticed Nessos
 17445 | Orc:2    | Found a staircase to the Elven Halls.
 17452 | Orc:2    | Killed Nessos
 17582 | Orc:2    | Found a runed door.
 17730 | Orc:2    | Found a frozen archway.
 17850 | Orc:2    | Found the +10 large shield of Ignorance {rN+ Int-4}
 17970 | Orc:1    | Noticed Blork the orc
 17979 | Orc:1    | Killed Blork the orc
 18392 | Depths:1 | Entered Level 1 of the Depths
 18393 | Depths:1 | Found Fezoe's Armour Shoppe.
 18679 | Depths:1 | Found Pokk's Food Emporium.
 18990 | Depths:1 | Reached skill level 10 in Invocations
 19008 | Depths:1 | Reached XP level 17. HP: 86/137 MP: 24/24
 19212 | Depths:1 | HP: 6/138 [stone giant (18)]
 19214 | Depths:1 | Reached skill level 18 in Axes
 19388 | Depths:1 | Found Ytimp's General Store.
 19397 | Depths:1 | Bought 2 potions of curing for 108 gold pieces
 19397 | Depths:1 | Bought a potion of heal wounds for 90 gold pieces
 19405 | Depths:1 | Found a shattered altar of Ashenzari.
 20321 | Depths:2 | Noticed a lich
 20351 | Depths:2 | Reached skill level 15 in Shields
 20764 | Depths:2 | Reached XP level 18. HP: 114/146 MP: 26/26
 20805 | Depths:2 | Noticed Jory
 20848 | Depths:2 | Killed from afar by Jory

Vault maps used:
D:1:      mrwooster_arrival_statue_2, minivault_25, st_stairs_8
D:2:      uniq_robin
D:3:      nicolae_qazlal_eye_of_the_storm
D:4:      serial_shops, shop_statue, gup_sewer_entry_bowl, grunt_ministairs_4,
          uniq_grinder
D:5:      first_ration, serial_shops, shop_coins, uniq_crazy_yiuf_cottage
D:6:      minmay_temple_entry_nine_rooms
D:7:      serial_shops, shop
D:8:      kennysheep_housing_project, nicolae_ru_awakened_eye
D:9:      lemuel_crystal_altar, hangedman_ranch
D:10:     lair_entry_dummy, hiddenorc2_lemuel, uniq_harold
D:11:     enter_trove_5
D:12:     special_room, serial_shops, shop, uniq_kirke
D:14:     grunt_vaults_entry_tiered, minmay_misc_feat_columns, tgw_sif
D:15:     hangedman_depths_entry_try_elsewhere_first,
          minmay_misc_feat_four_crosses
Temple:   regret_index_temple_chain_breaker
Lair:1:   minmay_lair_oklob_chamber, uniq_nergalle, uniq_gastronok, uniq_grum
Lair:2:   nicolae_spider_entry_non_spiders, nicolae_quartered_pool_medium,
          grunt_megastairs_4, lemuel_fruit_fields
Lair:3:   minmay_swamp_entry_swarm, uniq_urug
Lair:5:   slime_altar_2
Lair:6:   evil_forest, kennysheep_snail_temple
Orc:1:    sword_in_stone
Orc:2:    st_orc_ogre_mass, portal_ice_cave_demonic_guard,
          chequers_guarded_unrand_ignorance, uniq_nessos
Depths:1: lightli_too_deep, nicolae_ashenzari_panopticon, serial_sigils,
          serial_sigils_hangedman_writhe, serial_sigils_hangedman_confine,
          serial_sigils_hangedman_snap, serial_sigils_hangedman_stare,
          serial_sigils_hangedman_leer, serial_shops, shop, shop,
          nicolae_shop_temple_entry_statues_fountains, hex_medium,
          grunt_ministairs_3, st_stairs_3
Depths:2: lemuel_vampire_tower, infiniplex_staircase_zigzag_4,
          grunt_hell_entry_dis_old
Sewer:    sewer_the_crocodile

Skill      XL: |  1  2  3  4  5  6  7  8  9 10 11 12 13 14 15 16 17 |
---------------+----------------------------------------------------+-----
Axes           | 3 4 6 7 8 9 10 11 12 13 14 15 16 17 18 | 18.6
Shields        | 4 5 7 8 9 10 11 12 13 14 15 | 15.2
Fighting       | 4 6 7 8 10 11 12 13 14 | 14.2
Armour         | 4 6 7 8 10 11 12 13 14 | 14.1
Invocations    | 3 6 8 10 11 | 11.4

Action                   |  1- 3 |  4- 6 |  7- 9 | 10-12 | 13-15 | 16-18 || total
-------------------------+-------+-------+-------+-------+-------+-------++-------
Melee: War axe           |    90 |   127 |   331 |   468 |   906 |   758 ||  2680
       Hand axe          |       |       |       |    10 |    13 |     9 ||    32
 Abil: Dig               |       |       |       |       |       |     2 ||     2
Evoke: Wand              |       |       |     6 |    10 |     5 |       ||    21
  Use: Potion            |     1 |       |       |    11 |     1 |    10 ||    23
       Scroll            |       |       |     1 |       |    21 |       ||    22
  Eat: Chunk             |       |     5 |     7 |    14 |    24 |    15 ||    65
       Ration            |       |       |     2 |       |       |       ||     2
Armor: Scale mail        |    32 |       |       |       |       |       ||    32
       Chain mail        |    18 |    56 |   121 |   180 |   208 |   215 ||   798
       Skin              |       |       |       |    56 |       |       ||    56
Dodge: Dodged            |    28 |    34 |   120 |   198 |   279 |   310 ||   969
Block: Shield            |    45 |    71 |   160 |   315 |   485 |   585 ||  1661

Table legend:
 A = Spawn XP
 B = Non-spawn XP
 C = Spawn XP percentage of total XP
 D = Spawn monster count
 E = Non-spawn monster count
 F = Spawn count percentage of total count
 G = Total turns spent on level
                    A         B        C        D         E        F      G
               +---------+---------+-------+---------+---------+-------+---------
         Total |       0 |  210809 |   0.0 |       0 |     856 |   0.0 | 20848
               +---------+---------+-------+---------+---------+-------+---------
           D:1 |       0 |      47 |   0.0 |       0 |      24 |   0.0 |   697
           D:2 |       0 |      98 |   0.0 |       0 |      29 |   0.0 |   818
           D:3 |       0 |      93 |   0.0 |       0 |      19 |   0.0 |   579
           D:4 |       0 |     413 |   0.0 |       0 |      18 |   0.0 |   784
           D:5 |       0 |    1015 |   0.0 |       0 |      34 |   0.0 |   766
           D:6 |       0 |     671 |   0.0 |       0 |      10 |   0.0 |   509
           D:7 |       0 |     870 |   0.0 |       0 |      17 |   0.0 |   570
           D:8 |       0 |    2960 |   0.0 |       0 |      49 |   0.0 |  1118
           D:9 |       0 |    3592 |   0.0 |       0 |      29 |   0.0 |  1096
          D:10 |       0 |    5363 |   0.0 |       0 |      70 |   0.0 |  1009
          D:11 |       0 |    3340 |   0.0 |       0 |      17 |   0.0 |   526
          D:12 |       0 |   14227 |   0.0 |       0 |      72 |   0.0 |   969
          D:13 |       0 |    2601 |   0.0 |       0 |       7 |   0.0 |   799
          D:14 |       0 |   21456 |   0.0 |       0 |      63 |   0.0 |  1059
          D:15 |       0 |   19903 |   0.0 |       0 |      36 |   0.0 |   856
        Lair:1 |       0 |    7575 |   0.0 |       0 |      15 |   0.0 |   806
        Lair:2 |       0 |    6701 |   0.0 |       0 |      40 |   0.0 |   716
        Lair:3 |       0 |    3291 |   0.0 |       0 |      15 |   0.0 |   728
        Lair:4 |       0 |    2664 |   0.0 |       0 |      13 |   0.0 |   647
        Lair:5 |       0 |    4731 |   0.0 |       0 |      34 |   0.0 |   857
        Lair:6 |       0 |   25673 |   0.0 |       0 |      72 |   0.0 |  1363
         Orc:1 |       0 |    6244 |   0.0 |       0 |      36 |   0.0 |   584
         Orc:2 |       0 |    3652 |   0.0 |       0 |      22 |   0.0 |   508
      Depths:1 |       0 |   47029 |   0.0 |       0 |      62 |   0.0 |  1566
      Depths:2 |       0 |   26487 |   0.0 |       0 |      47 |   0.0 |   694
         Sewer |       0 |     113 |   0.0 |       0 |       6 |   0.0 |   114
               +---------+---------+-------+---------+---------+-------+---------
